 Dungeon Crawl Stone Soup version 0.17.1-3-g152610e (webtiles) character file.

51 moxian the Shooter (level 3, 0/29 HPs)
             Began as a Centaur Hunter on Apr 17, 2016.
             Slain by a quokka (4 damage)
             ... on level 2 of the Dungeon.
             The game lasted 00:05:56 (1279 turns).

moxian the Shooter (Centaur Hunter)                 Turns: 1279, Time: 00:05:56

Health: 0/29       AC:  5    Str: 14    XL:     3   Next: 58%
Magic:  3/3        EV:  9    Int: 10    God:
Gold:   49         SH:  0    Dex: 10    Spells: 0 memorised, 2 levels left

rFire  . . .     SeeInvis .     a - +0 spear
rCold  . . .     Clarity  .     c - +0 leather armour
rNeg   . . .     SustAt   .     (no shield)
rPois  .         Gourm    .     (no helmet)
rElec  .         Spirit   .     l - +0 cloak
rCorr  .         Warding  .     (no gloves)
rMut   .         Rnd*Tele +     (no barding)
MR     .....                    (no amulet)
Stlth  +.........               (no ring)
                                r - ring of teleportation (curse)

@: very quick, not resistant to hostile enchantments, very unstealthy
A: hooves 3, deformed body, speed 2, tough skin 3
a: Evoke Teleportation


You were on level 2 of the Dungeon.
You were hungry.

You visited 1 branch of the dungeon, and saw 2 of its levels.

You collected 49 gold pieces.

Inventory:

Hand Weapons
 a - a +0 spear (weapon)
 b - a +1 shortbow
 h - a +0 short sword
Missiles
 d - 40 arrows
 f - 40 stones (quivered)
 o - 32 bolts
Armour
 c - a +0 leather armour (worn)
 l - a +0 cloak (worn)
Jewellery
 r - a cursed ring of teleportation (left hand)
Scrolls
 g - a scroll of remove curse {unknown}
 m - 2 scrolls of identify {unknown}
 p - 2 scrolls of fog {unknown}
 q - 2 scrolls of random uselessness {unknown}
 u - a scroll of teleportation {unknown}
Potions
 j - a potion of brilliance {unknown}
 k - a potion of degeneration {unknown}
 n - a potion of heal wounds {unknown}
 s - a potion of curing {unknown}
 t - a potion of invisibility {unknown}
Comestibles
 e - a bread ration
 i - 2 chunks of flesh
 v - a slice of pizza


   Skills:
 + Level 2.2 Fighting
 + Level 0.6 Polearms
 * Level 6.3 Bows
 - Level 0.5 Armour
 - Level 1.6 Dodging
 - Level 0.5 Stealth


You had 2 spell levels left.
You didn't know any spells.

Dungeon Overview and Level Annotations

Branches:
Dungeon (2/15)

Altars:

Annotations:
D:2 Natasha, Robin, Terence


Innate Abilities, Weirdness & Mutations

You have hooves in place of feet.
Armour fits poorly on your strangely shaped body.
You cover ground very quickly.
You have extremely tough skin (AC +3).


Message History

You kill the hobgoblin!
You hit the quokka.
The quokka is lightly wounded.
The quokka barely misses you.
The quokka bites you but does no damage.
You hit the quokka.
The quokka is almost dead.
The quokka bites you.
* * * LOW HITPOINT WARNING * * *
You barely miss the quokka.
The quokka is almost dead.
The quokka bites you but does no damage.
You miss the quokka.
The quokka is almost dead.
The quokka barely misses you. The quokka bites you.
* * * LOW HITPOINT WARNING * * *
You barely miss the quokka.
The quokka is almost dead.
The quokka bites you.
You die...

## ##.########### #.
####.............# # #.
......##.#..#..... .. #.
#......#.......#..
#.##.##.#....###..##.#.#
#....(g.#....###..##....
#.gg..g..............
#.####.#.#.#######...
#...@rg.# #...
########.# #..g #.. #...
...######...
#......(....
............
.....(......
...#.####... .# #. #...


You could see a quokka and a goblin.

Vanquished Creatures
  Natasha (D:2)
  2 giant geckos (D:1)
  3 goblins (D:1)
  5 hobgoblins
  3 kobolds
  3 bats (D:1)
  2 giant cockroaches (D:1)
  3 giant newts (D:1)
  4 rats
26 creatures vanquished.

Notes
Turn   | Place    | Note
--------------------------------------------------------------
     0 | D:1      | moxian the Centaur Hunter began the quest for the Orb.
     0 | D:1      | Reached XP level 1. HP: 17/17 MP: 1/1
   485 | D:1      | Reached XP level 2. HP: 24/24 MP: 2/2
   849 | D:1      | Reached skill level 6 in Bows
  1089 | D:2      | Noticed Natasha
  1103 | D:2      | Killed Natasha
  1103 | D:2      | Reached XP level 3. HP: 20/29 MP: 3/3
  1143 | D:2      | Noticed Terence
  1217 | D:2      | Noticed Natasha
  1226 | D:2      | Noticed Robin
  1279 | D:2      | Slain by a quokka

Action                   || total
-------------------------++-------
Melee: Spear             ||   110
       Short sword       ||    13
 Fire: Shortbow          ||    12
Throw: Stone             ||     1
